 Dungeon Crawl Stone Soup version 0.20.1-1-g8b1a95d (webtiles) character file.

430 gungr the Changer (level 6, 0/34 HPs)
             Began as an Octopode Transmuter on Oct 30, 2017.
             Was an Initiate of Hepliaklqana.
             Slain by an ice beast (14 damage)
             ... on level 5 of the Dungeon.
             The game lasted 00:15:01 (4065 turns).

gungr the Changer (Octopode Transmuter)             Turns: 4065, Time: 00:15:02

Health: 0/34       AC:  2    Str:  9    XL:     6   Next: 99%
Magic:  7/9        EV: 20    Int: 17    God:    Hepliaklqana [......]
Gold:   220        SH:  0    Dex: 18    Spells: 3/9 levels left

rFire    . . .     SeeInvis .     - Unarmed
rCold    . . .     Gourm    .   (shield currently unavailable)
rNeg     . . .     Faith    .   (helmet currently unavailable)
rPois    x         Spirit   .   (no amulet)
rElec    .         Reflect  .   (no ring)
rCorr    .         Harm     .   (no ring)
MR       .....                  (no ring)
Stlth    ++........             (no ring)
Regen    0.2/turn               (no ring)
MPRegen  0.2/turn               (no ring)
                                (no ring)
                                (no ring)

@: spider-form (expiring)
A: almost no armour, stealthy swim, (amphibious), 8 rings, (constrict 8),
reduced essence
a: End Transformation, Recall Ancestor, Ancestor Identity, Renounce Religion


You were on level 5 of the Dungeon.
You worshipped Hepliaklqana.
Hepliaklqana was noncommittal.
You were not hungry.
You were a venomous arachnid creature.
You visited 1 branch of the dungeon, and saw 5 of its levels.

You collected 220 gold pieces.

Inventory:

Missiles
 a - 43 arrows
Jewellery
 q - a +2 ring of dexterity {unknown}
Wands
 c - a wand of flame (24/48)
Scrolls
 d - a scroll of immolation {unknown}
 f - a scroll of amnesia {unknown}
 g - 8 scrolls of identify {unknown}
 h - 4 scrolls of remove curse {unknown}
 j - 4 scrolls of teleportation {unknown}
 l - a scroll of enchant armour {unknown}
 o - a scroll of magic mapping {unknown}
 r - a scroll of fog {unknown}
 t - a scroll of enchant weapon {unknown}
Potions
 e - a potion of curing
 i - a potion of haste {unknown}
 m - a potion of flight {unknown}
 n - a potion of heal wounds {unknown}
 s - a potion of agility {unknown}
Books
 b - a book of Changes

   Spells                             Type                      Level
   a - Beastly Appendage              Transmutation                1
   b - Sticks to Snakes               Transmutation                2
   c - Spider Form                    Transmutation/Poison         3
   d - Ice Form                       Ice/Transmutation            4
   e - Blade Hands                    Transmutation                5
Comestibles
 k - a bread ration
 p - a meat ration
 u - a fruit


   Skills:
 - Level 1.0 Fighting
 - Level 2.0 Dodging
 - Level 5.0 Unarmed Combat
 - Level 2.0 Spellcasting
 * Level 6.0 Transmutations


You had 3 spell levels left.
You knew the following spells:

 Your Spells              Type           Power        Failure   Level  Hunger
a - Beastly Appendage     Tmut           ###...       7%          1    #......
b - Sticks to Snakes      Tmut           ###.....     10%         2    ###....
c - Spider Form           Tmut/Pois      ##........   36%         3    ###....


Dungeon Overview and Level Annotations

Branches:
Dungeon (5/15)
 Temple: D:4-7

Altars:
Hepliaklqana
Nemelex Xobeh
Ru

Annotations:
D:4 Dowan, Duvessa


Innate Abilities, Weirdness & Mutations

You cannot wear most types of armour.
You are very stealthy in the water. (Stealth+)
((You are amphibious.))
You can wear up to eight rings at the same time.
((You can use your tentacles to constrict eight enemies at once.))
((Your skin changes colour to match your surroundings (Stealth+).))
((Your rubbery body absorbs attacks. (AC +1, EV +1)))
Your life essence is reduced to manifest your ancestor. (-10% HP)


Message History

You swap places.
Casting: Spider Form
Confirm with . or Enter, or press ? or * to list all spells.
You turn into a venomous arachnid creature.
You swap places.
Your transformation is almost over.
You barely miss the ice beast. The ice beast barely misses you.
Tlaloc hits the ice beast.
You barely miss the ice beast.
The ice beast is moderately wounded.
The ice beast hits you. The ice beast freezes you!
Tlaloc hits the ice beast.
You swap places.
The ice beast completely misses you.
Tlaloc misses the ice beast.
You hit the ice beast.
The ice beast is heavily wounded.
The ice beast misses you.
Tlaloc hits the ice beast.
You closely miss the ice beast.
The ice beast is severely wounded.
The ice beast hits you. The ice beast freezes you!
You die...

#.# #.# #.# ##.##
#.# ##...##
#.######.....#####
#........†.......#
########.....###.#
##...## ####.##
#Rs..# #Y#### #.#
#.# #.# #.# #.#
... .##


You could see the friendly Tlaloc the ancestor and an ice beast.

Vanquished Creatures
  Sigmund (D:2)
  2 orc wizards
  An orc priest (D:3)
  Jessica (D:2)
  3 adders
  3 oozes
  A worm (D:2)
  2 dart slugs (D:2)
  4 leopard geckos
  13 orcs
  3 giant cockroaches
  7 goblins
  7 hobgoblins
  6 jackals (D:2)
  2 quokkas
  2 ball pythons
  10 bats
  3 frilled lizards
  5 kobolds
  7 rats
83 creatures vanquished.

Vanquished Creatures (collateral kills)
  A hound (D:5)
  A leopard gecko (D:2)
  5 orcs
  A goblin (D:2)
  A hobgoblin (D:3)
9 creatures vanquished.

Grand Total: 92 creatures vanquished

Notes
Turn   | Place    | Note
-------+----------+-------------------------------------------
     0 | D:1      | gungr the Octopode Transmuter began the quest for the Orb.
     0 | D:1      | Reached XP level 1. HP: 13/13 MP: 3/3
   117 | D:1      | Reached XP level 2. HP: 17/18 MP: 3/5
   900 | D:1      | Reached XP level 3. HP: 23/23 MP: 6/6
  1193 | D:2      | Found a faded altar of an unknown god.
  1210 | D:1      | Learned a level 2 spell: Sticks to Snakes
  1242 | D:2      | Noticed Jessica
  1250 | D:2      | Killed Jessica
  1361 | D:2      | Reached XP level 4. HP: 28/28 MP: 2/7
  1739 | D:2      | Reached skill level 5 in Unarmed Combat
  2171 | D:2      | Noticed Sigmund
  2209 | D:2      | Killed Sigmund
  2209 | D:2      | Reached skill level 4 in Transmutations
  2209 | D:2      | Reached XP level 5. HP: 25/33 MP: 3/8
  2209 | D:2      | Reached XP level 6. HP: 29/38 MP: 3/9
  2450 | D:2      | Found a sacrificial altar of Ru.
  2581 | D:3      | Reached skill level 5 in Transmutations
  2912 | D:3      | Found a hazy altar of Hepliaklqana.
  2928 | D:3      | Became a worshipper of Hepliaklqana the Forgotten
  3513 | D:3      | Found a sparkling altar of Nemelex Xobeh.
  3614 | D:4      | Noticed Dowan
  3622 | D:4      | Noticed Duvessa
  3640 | D:5      | Entered Level 5 of the Dungeon
  3887 | D:4      | Learned a level 3 spell: Spider Form
  3902 | D:4      | Noticed a yak
  3903 | D:4      | Noticed a yak
  3903 | D:4      | Noticed a yak
  4044 | D:5      | Reached skill level 6 in Transmutations
  4052 | D:5      | Noticed an ice beast
  4065 | D:5      | Slain by an ice beast

Skill      XL: |  1  2  3  4  5  6 |
---------------+-------------------+-----
Unarmed Combat | 4 5 |  5.0
Transmutations | 4 6 |  6.0
Fighting       | |  1.0
Dodging        | |  2.0
Spellcasting   | |  2.0

Action                   |  1- 3 |  4- 6 || total
-------------------------+-------+-------++-------
Melee: Unarmed           |    59 |   134 ||   193
       Constrict         |    12 |    34 ||    46
       Tentacles         |     7 |    26 ||    33
       Kick              |     2 |     4 ||     6
       Punch             |     1 |     5 ||     6
 Cast: Beastly Appendage |     3 |     2 ||     5
       Sticks to Snakes  |     5 |    12 ||    17
       Spider Form       |       |     3 ||     3
Invok: Recall Ancestor   |       |     2 ||     2
       Ancestor Identity |       |     1 ||     1
  Use: Potion            |       |     5 ||     5
 Stab: Sleeping          |     3 |     9 ||    12
       Distracted        |       |     1 ||     1
  Eat: Bread ration      |     1 |     2 ||     3
Armor: Skin              |     3 |     6 ||     9
Dodge: Dodged            |    40 |    72 ||   112
